 Dungeon Crawl Stone Soup version 0.28-a0-1190-g77e1c55843 (webtiles) character file.

Game seed: 2516038011606410070

1796 karrick the Sneak (level 9, 0/64 (65) HPs)
             Began as a Gnoll Enchanter on Dec 19, 2021.
             Was an Initiate of Okawaru.
             Slain by a death knight (4 damage)
             ... on level 7 of the Dungeon.
             The game lasted 00:23:16 (6957 turns).

karrick the Sneak (Gnoll Enchanter)                 Turns: 6957, Time: 00:23:18

HP:   0/64 (65)     AC:  5    Str: 12    XL:     9   Next: 9%
MP:   18/18         EV: 15    Int: 15    God:    Okawaru [......]
Gold: 350           SH:  0    Dex: 18    Spells: 13/20 levels left

rFire   . . .      SeeInvis .   p - +2 dagger (venom)
rCold   . . .      Faith    .   (no shield)
rNeg    . . .      Spirit   .   x - +2 robe {Will+}
rPois   .          Reflect  .   (no helmet)
rElec   .          Harm     .   u - +0 cloak
rCorr   .          Rampage  .   (no gloves)
Will    +....                   (no boots)
Stlth   ++++......              (no amulet)
HPRegen 0.20/turn               i - +6 ring of dexterity
MPRegen 0.16/turn               (no ring)

@: about to teleport, lightly drained
A: fangs 1, strong nose, distributed training
a: Renounce Religion


You were on level 7 of the Dungeon.
You worshipped Okawaru.
Okawaru was noncommittal.
You visited 2 branches of the dungeon, and saw 8 of its levels.

You collected 350 gold pieces.

Inventory:

Hand Weapons
 p - a +2 dagger of venom (weapon)
 q - a +4 short sword of protection
 v - a +3 quarterstaff of chaos
 w - a +2 whip of freezing
Missiles
 d - 3 boomerangs (quivered)
Armour
 u - a +0 cloak (worn)
 x - a +2 robe of willpower (worn)
Jewellery
 i - a +6 ring of dexterity (left hand)
 k - a ring of flight
Wands
 n - a wand of mindburst (3)
Scrolls
 b - a scroll of vulnerability {unknown}
 f - a scroll of teleportation
 j - 2 scrolls of enchant weapon
 o - a scroll of holy word {unknown}
 t - a scroll of torment {unknown}
Potions
 a - 2 potions of berserk rage {unknown}
 g - a potion of cancellation {unknown}
 h - 2 potions of brilliance {unknown}
 l - 2 potions of mutation {unknown}
 r - 2 potions of degeneration {unknown}
 s - a potion of haste {unknown}


   Skills:
 + Level 3.9 Fighting
 + Level 4.7 Short Blades
 + Level 3.9 Long Blades
 + Level 3.9 Axes
 + Level 3.9 Maces & Flails
 + Level 3.9 Polearms
 + Level 3.9 Staves
 + Level 3.9 Slings
 + Level 3.9 Bows
 + Level 3.9 Crossbows
 + Level 3.9 Throwing
 + Level 3.9 Armour
 + Level 6.1 Dodging
 + Level 7.2 Stealth
 + Level 3.9 Shields
 + Level 3.9 Unarmed Combat
 + Level 6.4 Spellcasting
 + Level 3.2 Conjurations
 + Level 6.4 Hexes
 + Level 3.2 Summonings
 + Level 3.2 Necromancy
 + Level 3.2 Translocations
 + Level 3.2 Transmutations
 + Level 3.2 Fire Magic
 + Level 3.2 Ice Magic
 + Level 3.2 Air Magic
 + Level 3.2 Earth Magic
 + Level 3.2 Poison Magic
 + Level 4.3 Invocations
 + Level 3.9 Evocations


You had 13 spell levels left.
You knew the following spells:

 Your Spells              Type           Power      Damage    Failure   Level
a - Confusing Touch       Hex            24%        N/A       3%          3
b - Tukima's Dance        Hex            24%        N/A       3%          3
c - Foxfire               Conj/Fire      56%        2x1d6     3%          1

Your spell library contained the following spells:

 Spells                   Type           Power      Damage    Failure   Level
 Ensorcelled Hibernation  Hex/Ice        38%        N/A       3%          2
 Dazzling Flash           Conj/Hex       38%        N/A       6%          3
 Inner Flame              Hex/Fire       19%        N/A       6%          3
 Conjure Flame            Conj/Fire      14%        6-21      12%         3
 Gell's Gravitas          Tloc           14%        N/A       12%         3
 Ignite Poison            Fire/Tmut/Pois 14%        N/A       12%         3
 Lesser Beckoning         Tloc           14%        N/A       12%         3
 Teleport Other           Tloc           14%        N/A       12%         3
 Flame Wave               Conj/Fire      14%        2d5       36%         4
 Sticky Flame             Conj/Fire      14%        2d4       36%         4


Dungeon Overview and Level Annotations

Branches:
Dungeon (7/15)             Temple (1/1) D:7

Altars:
Ashenzari
Cheibriados
Elyvilon
Gozag
Hepliaklqana
Makhleb
Nemelex Xobeh
Okawaru
Qazlal
Ru
Sif Muna
Trog
Uskayaw
Vehumet
Wu Jian
Yredelemnul
Zin
The Shining One

Shops:
D:7 =

Annotations:
D:5 Grinder
D:6 3 runed translucent doors, halfoni's ghost, novice HuBe


Innate Abilities, Weirdness & Mutations

You have very sharp teeth.
Your uncanny sense of smell can sniff out nearby items.
Your experience applies equally to all skills.


Message History

The wight is moderately damaged.
The wight hits you with a +1 short sword.
You catch the helpless wight completely off-guard!
You impale the wight!!
You destroy the wight!
Okawaru accepts your kill.
No target in view!
Things that are here:
a +1 short sword; a +0 robe
There is a stone staircase leading down, spattered with blood here.
Okay, then.
You feel better.
You climb downwards.
You hear the roar of battle.
There is an entrance to a bailey on this level.
Hurry and find it before the portal closes forever!
The centaur shoots an arrow.
The arrow hits you!
A two-headed ogre comes into view.
It is wielding a +0 giant spiked club and a +0 dire flail.
The two-headed ogre shouts in stereo!
There is a stone staircase leading up, spattered with blood here.
Unknown command.
As you read the scroll of teleportation, it crumbles to dust.
You feel strangely unstable.
The centaur shoots an arrow.
The arrow hits you.
The centaur shoots an arrow.
The arrow hits you!
The centaur shoots an arrow.
The arrow closely misses you.
The centaur shoots an arrow.
The arrow hits you.
Your surroundings suddenly seem different.
A hound, an orc wizard, a death knight and a howler monkey come into view.
The death knight is wielding a +1 broad axe of flaming.
Found a scintillating lapis lazuli ring.
Found a stone staircase leading down.
The death knight hits you with a +1 broad axe of flaming.
The death knight burns you.
As you read the scroll of teleportation, it crumbles to dust.
You feel strangely unstable.
The orc wizard shouts!
The death knight hits you with a +1 broad axe of flaming!
* * * LOW HITPOINT WARNING * * *
The death knight burns you.
You die...

*** ********* #.### *,*,,,,,*
###...#### **,,,,,,,*
#........###
*,,,,,,,#*###..........#
**,,,,,,..#.#..........#**
**,,,,,,...............,*
*,,,,.,,#.o..........#**
###,,,,...###.##@......#
..#.,,,........p.....###
....,,*#.....>..h.....#
....,,,#.......#......#****
##.,,,,....=.####.......,,*
(...,,,......*,**...h...,,*
....,,,.....,,,,,.#.###.,****
..#.,,,.##..,,,,,...#*,,,**,**
#...**,,,#.,***,**#,.**,,,,,,*


You could see a death knight, a howler monkey (wandering), a hound and an orc
wizard.

Vanquished Creatures
  Pikel (D:5)
  Prince Ribbit (D:5)
  2 necrophages
  2 ogres
  A lemure (D:5)
  2 scorpions (D:4)
  A water moccasin zombie (D:5)
  2 killer bees (D:5)
  A wight (D:6)
  A howler monkey (D:7)
  A hound (D:5)
  An orc priest (D:6)
  Crazy Yiuf (D:4)
  5 iguanas
  2 orc wizards (D:4)
  A killer bee zombie (D:4)
  A howler monkey skeleton (D:6)
  An adder (D:2)
  2 ufetubi
  A worm (D:2)
  2 dart slugs
  6 orcs
  6 ball pythons
  5 endoplasms
  2 giant cockroaches
  13 hobgoblins
  6 jackals
  4 quokkas
  5 bats
  A frilled lizard (D:1)
  7 goblins
  4 kobolds
  A rat (D:1)
92 creatures vanquished.

Vanquished Creatures (collateral kills)
  An orc warrior (D:6)
  2 orcs (D:6)
3 creatures vanquished.

Vanquished Creatures (others)
  2 dancing weapons (D:6)
  41 foxfires
  16 plants (D:6)
59 creatures vanquished.

Grand Total: 154 creatures vanquished

Notes
Turn   | Place    | Note
-------+----------+-------------------------------------------
     0 | D:1      | karrick the Gnoll Enchanter began the quest for the Orb.
     0 | D:1      | Reached XP level 1. HP: 13/13 MP: 6/6
   197 | D:1      | Reached XP level 2. HP: 18/19 MP: 7/7
   881 | D:1      | Reached XP level 3. HP: 19/25 MP: 9/9
  1003 | D:1      | Reached skill level 5 in Spellcasting
  1041 | D:1      | Learned a level 3 spell: Confusing Touch
  1141 | D:1      | Noticed a shining eye
  1143 | D:1      | Found a faded altar of an unknown god.
  1144 | D:1      | Noticed a floating eye
  1144 | D:1      | Noticed a shining eye
  1144 | D:1      | Noticed a floating eye
  1187 | D:1      | Reached skill level 6 in Stealth
  1398 | D:2      | Reached skill level 1 in Invocations
  1847 | D:2      | Reached skill level 1 in Fighting
  1847 | D:2      | Reached skill level 1 in Long Blades
  1847 | D:2      | Reached skill level 1 in Axes
  1847 | D:2      | Reached skill level 1 in Maces & Flails
  1847 | D:2      | Reached skill level 1 in Polearms
  1847 | D:2      | Reached skill level 1 in Staves
  1847 | D:2      | Reached skill level 1 in Slings
  1847 | D:2      | Reached skill level 1 in Bows
  1847 | D:2      | Reached skill level 1 in Crossbows
  1847 | D:2      | Reached skill level 1 in Throwing
  1847 | D:2      | Reached skill level 1 in Armour
  1847 | D:2      | Reached skill level 1 in Shields
  1847 | D:2      | Reached skill level 1 in Unarmed Combat
  1847 | D:2      | Reached skill level 1 in Evocations
  1929 | D:2      | You fall into a shaft and drop 2 floors!
  1939 | D:4      | Reached XP level 4. HP: 32/32 MP: 11/11
  1963 | D:4      | Reached skill level 1 in Conjurations
  1963 | D:4      | Reached skill level 1 in Summonings
  1963 | D:4      | Reached skill level 1 in Necromancy
  1963 | D:4      | Reached skill level 1 in Translocations
  1963 | D:4      | Reached skill level 1 in Transmutations
  1963 | D:4      | Reached skill level 1 in Fire Magic
  1963 | D:4      | Reached skill level 1 in Ice Magic
  1963 | D:4      | Reached skill level 1 in Air Magic
  1963 | D:4      | Reached skill level 1 in Earth Magic
  1963 | D:4      | Reached skill level 1 in Poison Magic
  2101 | D:4      | Noticed a scorpion
  2453 | D:2      | Reached XP level 5. HP: 37/37 MP: 12/12
  3714 | D:4      | Noticed a necrophage
  3885 | D:4      | Killed a necrophage
  3886 | D:4      | Reached skill level 5 in Dodging
  3886 | D:4      | Reached XP level 6. HP: 43/44 MP: 10/14
  3890 | D:4      | Learned a level 3 spell: Tukima's Dance
  3982 | D:4      | Learned a level 1 spell: Foxfire
  4341 | D:4      | Found a runed translucent door.
  4342 | D:4      | Noticed Crazy Yiuf
  4590 | D:5      | Entered Level 5 of the Dungeon
  4595 | D:5      | Reached XP level 7. HP: 50/50 MP: 15/15
  4633 | D:5      | Noticed Grinder
  4873 | D:5      | Noticed Prince Ribbit
  4878 | D:5      | Killed Prince Ribbit
  5009 | D:6      | Reached XP level 8. HP: 47/57 MP: 5/16
  5090 | D:6      | Found a runed translucent gate.
  5090 | D:6      | Found a runed translucent gate.
  5090 | D:6      | Found a runed translucent gate.
  5091 | D:6      | Found an opulent altar of Gozag.
  5092 | D:6      | Noticed halfoni's ghost (novice HuBe)
  5512 | D:5      | Found a glowing golden altar of the Shining One.
  5513 | D:5      | Found an ornate altar of the Wu Jian Council.
  5513 | D:5      | Found a broken altar of Ashenzari.
  5716 | D:5      | Noticed Pikel
  5735 | D:5      | Killed Pikel
  5736 | D:5      | Reached skill level 7 in Stealth
  6250 | D:4      | Killed Crazy Yiuf
  6722 | D:6      | Reached XP level 9. HP: 63/65 MP: 11/18
  6763 | D:7      | Found a staircase to the Ecumenical Temple.
  6782 | Temple   | Entered the Ecumenical Temple
  6806 | Temple   | Became a worshipper of Warmaster Okawaru
  6844 | D:7      | Found Siladwuo's Jewellery Shoppe.
  6949 | D:7      | Noticed a two-headed ogre
  6954 | D:7      | Noticed a death knight
  6957 | D:7      | Slain by a death knight

Illustrated notes

Levels and vault maps discovered:
D:1:      dpeg_arrival_rooms_b, layout_rooms,
          hellmonk_ecumenical_altar_watching_god, minmay_liquid_box,
          minmay_misc_feat_five, palyth_stone_intersect, kennysheep_another_room
D:2:      layout_loops_corners
D:3:      layout_loops_cross
D:4:      layout_loops_ring, uniq_crazy_yiuf_cottage
D:5:      layout_basic, grunt_temple_overflow_open, doesnt_xom_only_xom,
          kennysheep_cross_bottleneck, uniq_pikel, uniq_grinder,
          uniq_prince_ribbit1
D:6:      layout_basic, ebering_ghost_gozag, nicolae_grassy_gnolls
D:7:      minmay_the_grid_octo_tiled_octocenter
          [minmay_the_grid_octo_checkerflower, minmay_the_grid_octo_checkered,
          minmay_the_grid_octo_pinwheel, minmay_the_grid_octo_chip,
          minmay_the_grid_octo_prize_single_spiral,
          minmay_the_grid_square_5x5_corner,
          minmay_the_grid_square_5x5_gyroscope, minmay_the_grid_square_5x5_meh,
          minmay_the_grid_square_5x5_shrine1], layout_cave_pools,
          minmay_temple_entry_antechambers, enter_bailey_2, serial_shops,
          nicolae_shop_hallway_plus
Temple:   mainiacjoe_temple_coin_purse

Skill      XL: |  1  2  3  4  5  6  7  8 |
---------------+-------------------------+-----
Spellcasting   | 5 6 |  6.4
Stealth        | 6 7 |  7.2
Invocations    | 1 2 3 4 |  4.3
Fighting       | 1 2 3 |  3.9
Long Blades    | 1 2 3 |  3.9
Axes           | 1 2 3 |  3.9
Maces & Flails | 1 2 3 |  3.9
Polearms       | 1 2 3 |  3.9
Staves         | 1 2 3 |  3.9
Slings         | 1 2 3 |  3.9
Bows           | 1 2 3 |  3.9
Crossbows      | 1 2 3 |  3.9
Throwing       | 1 2 3 |  3.9
Armour         | 1 2 3 |  3.9
Shields        | 1 2 3 |  3.9
Unarmed Combat | 1 2 3 |  3.9
Evocations     | 1 2 3 |  3.9
Conjurations   | 1 2 3 |  3.2
Summonings     | 1 2 3 |  3.2
Necromancy     | 1 2 3 |  3.2
Translocations | 1 2 3 |  3.2
Transmutations | 1 2 3 |  3.2
Fire Magic     | 1 2 3 |  3.2
Ice Magic      | 1 2 3 |  3.2
Air Magic      | 1 2 3 |  3.2
Earth Magic    | 1 2 3 |  3.2
Poison Magic   | 1 2 3 |  3.2
Short Blades   | 3 4 |  4.7
Dodging        | 5 6 |  6.1
Hexes          | 6 |  6.4

Action                   |  1- 3 |  4- 6 |  7- 9 || total
-------------------------+-------+-------+-------++-------
Melee: Dagger            |   147 |    91 |   122 ||   360
       Bite              |     8 |    11 |    21 ||    40
       Punch             |       |       |     3 ||     3
 Cast: Confusing Touch   |     2 |     9 |    19 ||    30
       Foxfire           |       |    13 |    11 ||    24
       Tukima's Dance    |       |       |     9 ||     9
  Use: Potion            |     2 |       |     2 ||     4
       Scroll            |       |       |     7 ||     7
 Stab: Sleeping          |     9 |    11 |     4 ||    24
       Invisible         |     1 |       |       ||     1
       Confused          |     2 |     9 |    13 ||    24
       Distracted        |       |     1 |       ||     1
Armor: Robe              |    17 |     4 |    14 ||    35
Dodge: Dodged            |    89 |    46 |    98 ||   233

Table legend: (Time is in decaauts)
 A = Elapsed time spent in this place.
 B = Non-inter-level travel time spent in this place.
 C = Inter-level travel time spent in this place.
 D = Time resting spent in this place.
 E = Time spent auto-exploring this place.
 F = Levels seen in this place.
 G = Mean time per level.
                   A        B        C        D        E       F      G
               +--------+--------+--------+--------+--------+-----+--------+
         Total |   6909 |   6417 |    492 |    665 |   4124 |   8 |  863.6 |
       Dungeon |   6875 |   6383 |    492 |    665 |   4124 |   7 |  982.1 |
        Temple |     33 |     33 |      0 |      0 |      0 |   1 |   33.0 |
               +--------+--------+--------+--------+--------+-----+--------+

Top non-repeatable levels by time:
     D:4: 1540 daAuts
     D:1: 1335 daAuts
     D:2: 1255 daAuts
     D:5: 1001 daAuts
     D:6: 878 daAuts
     D:3: 742 daAuts
     D:7: 121 daAuts
  Temple: 33 daAuts
